 Dungeon Crawl Stone Soup version 0.31-a0-691-g409c26aa35 (webtiles) character file.

Game seed: 12124650618958069241

32 cforsyth the Trooper (level 3, -6/30 HPs)
             Began as a Djinni Chaos Knight on Sept 7, 2023.
             Was a Plaything of Xom.
             Mangled by an iron imp (13 damage)
             ... summoned by Xom
             ... on level 2 of the Dungeon.
             The game lasted 00:00:57 (917 turns).

cforsyth the Trooper (Djinni Chaos Knight)           Turns: 917, Time: 00:00:58

Health: -6/30      AC:  6    Str: 11    XL:     3   Next: 42%
Gold:   36         EV: 11    Int: 15    God:    Xom [*.....] SH:  0 Dex: 12

rFire   + + .        a - +0 falchion (chaos)
rCold   x . .        (no shield)
rNeg    . . .        b - +2 leather armour
rPois   ∞            g - +0 helmet
rElec   .            (no cloak)
rCorr   .            (no gloves)
SInv    .            (boots unavailable)
Will    .....        (no amulet)
Stlth   +            (no ring)
HPRegen 0.25/turn    (no ring)
MPRegen 0.00/turn

%: infuse magic (-7 HP)
@: flying
A: sickness immunity, fire resistance 2, cold vulnerability 1, float, innate
caster, HP casting, extra vitality 1
a: Renounce Religion


You were on level 2 of the Dungeon.
You worshipped Xom.
You were a special plaything of Xom.
You visited 1 branch of the dungeon, and saw 2 of its levels.

You collected 36 gold pieces.

Inventory:

Hand Weapons
 a - a +0 falchion of chaos (weapon)
Armour
 b - a +2 leather armour (worn)
 g - a +0 helmet (worn)
Scrolls
 c - a scroll of butterflies
 e - a scroll of poison {unknown}
 f - a scroll of blinking {unknown}
Potions
 d - a potion of cancellation {unknown}
 h - a potion of heal wounds {unknown}


   Skills:
 + Level 3.6 Fighting
 - Level 2.6 Long Blades
 - Level 1.0 Armour
 - Level 2.1 Dodging
 + Level 1.2 Spellcasting
 + Level 1.2 Conjurations
 + Level 1.2 Hexes
   Level 0.0 Charms
 + Level 1.2 Summonings
 + Level 1.2 Necromancy
 + Level 1.2 Translocations
 + Level 1.2 Transmutations
 + Level 1.2 Fire Magic
 + Level 1.2 Ice Magic
 + Level 1.2 Air Magic
 + Level 1.2 Earth Magic
 + Level 1.2 Poison Magic


You knew the following spells:

 Your Spells              Type           Power      Damage    Failure   Level
a - Necrotise             Necr           16%        1d4       19%         1
Your spell library was empty.

Dungeon Overview and Level Annotations

Branches:
Dungeon (2/15)

Altars:

Shops:
D:1 (


Innate Abilities, Weirdness & Mutations

You are immune to sickness and miasma.
You are immune to poison.
Your flesh is very heat resistant. (rF++)
You are vulnerable to cold. (rC-)
You float through the air rather than walking.
You learn spells naturally, not from books.
Your magical power is your life essence.
You have superior vitality. (+4 MHP)


Message History

No target in view!
No target in view!
No target in view!
h - a smoky brown potion You see here an adder corpse.
Found a ring mail.
You now have 36 gold pieces (gained 7).
You hear Xom's maniacal laughter.
You see here a +0 ring mail.
You hit the iron imp but do no damage.
The iron imp goes berserk!
The iron imp hits you but does no damage.
The shadow imp gestures at you.
You barely resist. You barely miss the iron imp.
The iron imp hits you but does no damage.
You hit the iron imp.
The iron imp is moderately wounded.
The iron imp hits you but does no damage.
The shadow imp gestures at you. Pain shoots through your body!
The iron imp completely misses you.
You closely miss the iron imp.
The iron imp is moderately wounded.
The shadow imp gestures at you. Pain shoots through your body!
The iron imp hits you.
* * * LOW HITPOINT WARNING * * *
You are too injured to fight recklessly!
You are too injured to fight recklessly!
You are too injured to fight recklessly!
You are too injured to fight recklessly!
You are too injured to fight recklessly!
You are too injured to fight recklessly!
You are too injured to fight recklessly!
You are too injured to fight recklessly!
You are too injured to fight recklessly!
You are too injured to fight recklessly!
You hit the iron imp but do no damage.
The iron imp suddenly seems more resistant.
The iron imp is moderately wounded.
The iron imp hits you!
You die...

### ###
..##########..
..#
......5@5.##.#
#.#
#########.##.#
#.# #†##.###.#
#.......)#
#........#
#........#######
#####......#....
#...##.#.###
######.#....


You could see an iron imp (summoned, berserk, resistant) and a shadow imp
(summoned).

Vanquished Creatures
  An adder (D:2)
  A worm (D:2)
  A bat (D:2)
  3 endoplasms (D:1)
  A giant cockroach (D:1)
  A goblin (D:2)
  2 hobgoblins (D:1)
  2 jackals (D:1)
  2 frilled lizards (D:1)
  3 kobolds
  2 rats (D:1)
19 creatures vanquished.

Notes
Turn   | Place    | Note
-------+----------+-------------------------------------------
     0 | D:1      | cforsyth the Djinni Chaos Knight began the quest for the
                  | Orb.
     0 | D:1      | Reached XP level 1. HP: 20/20 MP: 0/0
    79 | D:1      | XOM: potion effect (attraction)
    83 | D:1      | XOM: divination: detect items
   161 | D:1      | Reached XP level 2. HP: 25/25 MP: 0/0
   232 | D:1      | XOM: noise
   250 | D:1      | XOM: silly message
   269 | D:1      | XOM: potion effect (brilliance)
   417 | D:1      | Found Xaublihu's Antique Weapon Shop.
   455 | D:1      | XOM: silly message
   586 | D:1      | Reached skill level 1 in Spellcasting
   586 | D:1      | Reached skill level 1 in Conjurations
   586 | D:1      | Reached skill level 1 in Hexes
   586 | D:1      | Reached skill level 1 in Summonings
   586 | D:1      | Reached skill level 1 in Necromancy
   586 | D:1      | Reached skill level 1 in Translocations
   586 | D:1      | Reached skill level 1 in Transmutations
   586 | D:1      | Reached skill level 1 in Fire Magic
   586 | D:1      | Reached skill level 1 in Ice Magic
   586 | D:1      | Reached skill level 1 in Air Magic
   586 | D:1      | Reached skill level 1 in Earth Magic
   586 | D:1      | Reached skill level 1 in Poison Magic
   657 | D:1      | XOM: silly message
   827 | D:2      | Reached XP level 3. HP: 21/30 MP: 0/0
   827 | D:2      | Learned a level 1 spell: Necrotise
   856 | D:2      | XOM: divination: detect creatures
   912 | D:2      | XOM: summons 2 hostile demons
   917 | D:2      | Mangled by an iron imp

Illustrated notes

Levels and vault maps discovered:
D:1:      saegor_arrival_simple_c, layout_basic, serial_shops, shop_fountains
D:2:      layout_basic

Skill      XL: |  1  2 |
---------------+-------+-----
Spellcasting   | 1 |  1.2
Conjurations   | 1 |  1.2
Hexes          | 1 |  1.2
Summonings     | 1 |  1.2
Necromancy     | 1 |  1.2
Translocations | 1 |  1.2
Transmutations | 1 |  1.2
Fire Magic     | 1 |  1.2
Ice Magic      | 1 |  1.2
Air Magic      | 1 |  1.2
Earth Magic    | 1 |  1.2
Poison Magic   | 1 |  1.2
Fighting       | |  3.6
Long Blades    | |  2.6
Armour         | |  1.0
Dodging        | |  2.1

Action                     || total
---------------------------++-------
  Melee: Falchion          ||    68
 Armour: Leather armour    ||    33
  Dodge: Dodged            ||    44

Table legend: (Time is in decaauts)
 A = Elapsed time spent in this place.
 B = Non-inter-level travel time spent in this place.
 C = Inter-level travel time spent in this place.
 D = Time resting spent in this place.
 E = Time spent auto-exploring this place.
 F = Levels seen in this place.
 G = Mean time per level.
                   A        B        C        D        E       F      G
               +--------+--------+--------+--------+--------+-----+--------+
         Total |    927 |    896 |     31 |      0 |    739 |   2 |  463.5 |
       Dungeon |    927 |    896 |     31 |      0 |    739 |   2 |  463.5 |
               +--------+--------+--------+--------+--------+-----+--------+

Top non-repeatable levels by time:
     D:1: 802 daAuts
     D:2: 124 daAuts
